 Dungeon Crawl Stone Soup version 0.21-a0-521-g1cd18d1 (webtiles) character file.

77 slep the Chopper (level 4, -3/37 HPs)
             Began as a Draconian Gladiator on Dec 6, 2017.
             Slain by an orc priest
             ... wielding a +0 trident
              (6 damage)
             ... on level 3 of the Dungeon.
             The game lasted 00:05:52 (1371 turns).

slep the Chopper (Draconian Gladiator)              Turns: 1371, Time: 00:05:53

Health: -3/37      AC:  5    Str: 16    XL:     4   Next: 14%
Magic:  0/4        EV: 13    Int:  8    God:
Gold:   80         SH:  0    Dex: 14    Spells: 3/3 levels left

rFire    . . .     SeeInvis .   a - +0 war axe
rCold    . . .     Gourm    .   (no shield)
rNeg     . . .     Faith    +   (armour unavailable)
rPois    .         Spirit   +   b - +0 hat
rElec    .         Reflect  .   m - scarf {Spirit}
rCorr    .         Harm     .   (no gloves)
MR       .....                  (no boots)
Stlth    +++.......             f - amulet of faith (curse)
HPRegen  0.12/turn              j - ring of stealth
MPRegen  0.09/turn              (no ring)

@: no status effects
A: unfitting armour, cold-blooded, AC +5
a: no special abilities


You were on level 3 of the Dungeon.
You were not hungry.

You visited 1 branch of the dungeon, and saw 3 of its levels.

You collected 80 gold pieces.

Inventory:

Hand Weapons
 a - a +0 war axe (weapon)
Missiles
 c - 3 throwing nets (quivered)
Armour
 b - a +0 hat (worn)
 m - a scarf of spirit shield (worn)
Magical Staves
 p - an uncursed staff of cold
Jewellery
 f - a cursed amulet of faith (around neck)
 j - a ring of stealth (left hand)
Scrolls
 e - 2 scrolls of enchant armour {unknown}
 k - 2 scrolls of teleportation {unknown}
 l - a scroll of amnesia {unknown}
 o - 2 scrolls of identify {unknown}
 r - a scroll of remove curse {unknown}
Potions
 g - 2 potions of degeneration {unknown}
 n - a potion of haste {unknown}
 q - a potion of curing {unknown}
Comestibles
 d - 4 bread rations
 h - 9 fruits
 s - a meat ration
 t - a royal jelly


   Skills:
 + Level 2.6 Fighting
 + Level 3.9 Axes
 + Level 2.0 Throwing
 + Level 3.5 Dodging
 + Level 0.5 Stealth


You had 3 spell levels left.
You didn't know any spells.

Dungeon Overview and Level Annotations

Branches:
Dungeon (3/15)

Altars:

Annotations:
D:2 Sigmund


Innate Abilities, Weirdness & Mutations

Your plain brown scales are hard. (AC +5)
You cannot fit into any form of body armour.
You are cold-blooded and may be slowed by cold attacks.


Message History

* * * LOW HITPOINT WARNING * * *
You hit the orc priest.
The orc priest is almost dead.
The bat barely misses you.
The orc priest looks satisfied for a moment.
You completely miss the orc priest.
The orc priest is almost dead.
The bat hits you but does no damage.
The orc priest calls down the wrath of Beogh upon you.
Pain shoots through your body!
* * * LOW HITPOINT WARNING * * *
The orc priest casts a cantrip, but nothing happens.
You barely miss the orc priest.
The orc priest is almost dead.
You hit the bat but do no damage. The bat completely misses you.
The orc priest barely misses you.
You barely miss the orc priest.
The orc priest is almost dead.
The bat closely misses you. The orc priest hits you with a trident!
You die...

##.#.#.#######.#
...#...........#
#######
...###.#########
....... ...# #.#
..o##....... ...# #.#
........... ##.# #.#
#####.##....... #.# #.#
#).).<.'....... #.#
#.###.######.......
#.###..........@ob.....
#>.....................
#.#######.#######.#.###
#.# ####.# .# #
#.####..#†#######.#
#.................
#######..#.#...###.
.........#.#...#
#######.##.#####


You could see an orc priest and a bat.

Vanquished Creatures
  3 adders
  2 oozes (D:1)
  A dart slug (D:1)
  3 leopard geckos
  2 orcs (D:3)
  6 bats
  3 giant cockroaches
  5 hobgoblins
  A ball python (D:1)
  4 frilled lizards
  3 goblins
  2 kobolds (D:1)
  3 rats
38 creatures vanquished.

Notes
Turn   | Place    | Note
-------+----------+-------------------------------------------
     0 | D:1      | slep the Draconian Gladiator began the quest for the Orb.
     0 | D:1      | Reached XP level 1. HP: 17/17 MP: 1/1
   188 | D:1      | Reached XP level 2. HP: 19/24 MP: 2/2
   862 | D:2      | Reached XP level 3. HP: 30/30 MP: 3/3
   931 | D:2      | Found a faded altar of an unknown god.
   959 | D:2      | Noticed Sigmund
  1271 | D:3      | Reached XP level 4. HP: 24/37 MP: 1/4
  1371 | D:3      | Slain by an orc priest

Vault maps used:
D:1:      minmay_arrival_nine_rooms
D:2:      chequers_ecumenical_altar_twisty, serial_bayou_crossing, uniq_sigmund
D:3:      grunt_gozag_breadcrumbs, uniq_robin, uniq_crazy_yiuf_cottage,
          uniq_natasha

Skill      XL: |  1  2 |
---------------+-------+-----
Dodging        | 3 |  3.5
Throwing       | 2 |  2.0
Fighting       | |  2.6
Axes           | |  3.9
Stealth        | |  0.5

Action                   |  1- 3 |  4- 6 || total
-------------------------+-------+-------++-------
Melee: War axe           |   102 |    15 ||   117
       Tailslap          |     8 |     2 ||    10
 Stab: Sleeping          |     4 |       ||     4
  Eat: Chunk             |     1 |     1 ||     2
Armor: Skin              |    32 |     8 ||    40
Dodge: Dodged            |    70 |    15 ||    85

Table legend:
 A = Spawn XP
 B = Non-spawn XP
 C = Spawn XP percentage of total XP
 D = Spawn monster count
 E = Non-spawn monster count
 F = Spawn count percentage of total count
 G = Total turns spent on level
                    A         B        C        D         E        F      G
               +---------+---------+-------+---------+---------+-------+---------
         Total |       0 |     111 |   0.0 |       0 |      38 |   0.0 |  1371
               +---------+---------+-------+---------+---------+-------+---------
           D:1 |       0 |      40 |   0.0 |       0 |      18 |   0.0 |   858
           D:2 |       0 |      48 |   0.0 |       0 |      15 |   0.0 |   331
           D:3 |       0 |      23 |   0.0 |       0 |       5 |   0.0 |   182
               +---------+---------+-------+---------+---------+-------+---------
